 Dungeon Crawl Stone Soup version 0.31-a0-854-g362426d53f (webtiles) character file.

Game seed: 3650439745718667495

7642 Joey1 the Severer (level 10, -4/93 HPs)
             Began as a Minotaur Berserker on Oct 8, 2023.
             Was a High Priest of Trog.
             Slain by a gnoll sergeant
             ... wielding a +0 halberd
              (11 damage)
             ... in a bailey.
             The game lasted 00:21:33 (7255 turns).

Joey1 the Severer (Minotaur Berserker)              Turns: 7255, Time: 00:21:34

Health: -4/93      AC: 15    Str: 27    XL:     10   Next: 99%
Magic:  9/9        EV:  8    Int:  4    God:    Trog [*****.]
Gold:   397        SH:  0    Dex:  9    Spells: 9/9 levels left

rFire   . . .        a - +5 war axe
rCold   . . .        (no shield)
rNeg    . . .        G - +0 plate armour
rPois   .            (helmet restricted)
rElec   .            (no cloak)
rCorr   .            t - +0 pair of gloves
SInv    .            l - +0 pair of boots
Will    .....        q - amulet of regeneration Stlth
                     (no ring)
HPRegen 1.15/turn    (no ring)
MPRegen 0.11/turn

%: no passive effects
@: no status effects
A: horns 2, retaliatory headbutt
a: Renounce Religion, Berserk, Trog's Hand, Brothers in Arms


You were in a bailey.
You worshipped Trog.
Trog was extremely pleased with you.
You visited 2 branches of the dungeon, and saw 11 of its levels.
You also visited: Bailey.

You collected 556 gold pieces.
You spent 159 gold pieces at shops.

Inventory:

Hand Weapons
 a - a +5 war axe (weapon)
 A - a +4 war axe
 I - the +8 hand axe "Westript" {protect, rPois Will+ Int-4 Stlth+}
   (You found it on level 7 of the Dungeon)

   Int-4:     It affects your intelligence (-4).
   rPois:     It protects you from poison Will+: It increases your willpower.
   Stlth+:    It makes you more stealthy.
Missiles
 j - 13 boomerangs
 H - 4 javelins
 S - 3 throwing nets
Armour
 b - a +0 animal skin
 e - a +0 chain mail
 l - a +0 pair of boots (worn)
 t - a +0 pair of gloves (worn)
 G - a +0 plate armour (worn)
Jewellery
 q - an amulet of regeneration (around neck)
 v - a ring of ice
Wands
 u - a wand of iceblast (18)
 M - a wand of mindburst (19)
 N - a wand of charming (6)
 O - a wand of flame (6)
Scrolls
 d - 2 scrolls of enchant armour
 g - a scroll of poison {unknown}
 m - a scroll of amnesia {unknown}
 o - 3 scrolls of immolation
 p - a scroll of revelation {unknown}
 r - 11 scrolls of teleportation
 s - a scroll of vulnerability {unknown}
 x - 2 scrolls of silence
 y - a scroll of torment {unknown}
 B - 2 scrolls of fog {unknown}
 F - 2 scrolls of fear {unknown}
 J - a scroll of acquirement {unknown}
 K - a scroll of enchant weapon {unknown}
 L - a scroll of noise {unknown}
Potions
 c - 2 potions of cancellation
 f - 6 potions of curing
 h - 3 potions of brilliance
 i - a potion of enlightenment
 k - 3 potions of ambrosia
 n - a potion of mutation
 w - a potion of attraction
 z - 4 potions of haste
 C - a potion of invisibility {unknown}
 D - 5 potions of degeneration
 E - 3 potions of heal wounds
 P - a potion of might {unknown}
Miscellaneous
 Q - a phial of floods
 R - a lightning rod (4/4)


   Skills:
 - Level 10.0 Fighting
 - Level 16.0 Axes
 + Level 6.5 Armour
 + Level 4.3 Dodging
 + Level 2.9 Evocations


You had 9 spell levels left.
You didn't know any spells.
Your spell library was empty.

Dungeon Overview and Level Annotations

Branches:
Dungeon (10/15)            Temple (1/1) D:5             Orc (0/2) D:9
 Bailey (1/1)
   Lair: D:8-11

Altars:
Ashenzari
Cheibriados
Dithmenos
Elyvilon
Fedhas
Gozag
Hepliaklqana
Kikubaaqudgha
Nemelex Xobeh
Okawaru
Qazlal
Ru
Sif Muna
Trog
Uskayaw
Vehumet
Wu Jian
Xom
Yredelemnul
Zin
The Shining One

Shops:
D:6 *

Annotations:
D:7 exclusion: centaur


Innate Abilities, Weirdness & Mutations

You have a pair of horns on your head.
You reflexively headbutt those who attack you in melee.


Message History

The gnoll sergeant hits you but does no damage.
The wolf barely misses you. You furiously retaliate!
You headbutt the wolf.
You fail to use your ability.
The wolf bites you. x2
The wolf bites you but does no damage.
The gnoll sergeant hits you from afar with a +0 halberd!
Your ogre goes berserk!
The wolf barely misses you.
The wolf bites you but does no damage. x2
The gnoll sergeant hits you from afar with a +0 halberd!
* * * LOW HITPOINT WARNING * * *
The wolf bites you but does no damage. The wolf bites you but does no damage.
The wolf barely misses your ogre.
Your ogre completely misses the wolf.
The wolf bites your ogre! The wolf bites your ogre.
The wolf bites your ogre! x2
Your ogre hits the wolf with a +0 giant club!!
The wolf dies!
Trog accepts your kill. The wolf bites your ogre!
Your ogre dies!
Your ogre's corpse disappears in a puff of smoke!
The gnoll sergeant hits you from afar with a +0 halberd.
* * * LOW HITPOINT WARNING * * *
Your ogre goes berserk!
The gnoll sergeant is no longer moving quickly.
The wolf bites you.
* * * LOW HITPOINT WARNING * * *
The wolf bites you but does no damage.
The gnoll sergeant hits you from afar with a +0 halberd.
* * * LOW HITPOINT WARNING * * *
The gnoll bouda barks out a call to the hunt!
The gnoll sergeant picks up the pace!
The gnoll sergeant hits you from afar with a +0 halberd!
* * * LOW HITPOINT WARNING * * *
The gnoll is no longer moving quickly.
The wolf bites you.
* * * LOW HITPOINT WARNING * * *
The gnoll sergeant barely misses you. The wolf bites you.
* * * LOW HITPOINT WARNING * * *
The gnoll sergeant attacks as it pursues you!
The gnoll sergeant hits you from afar with a +0 halberd!
You die...

#...##.....##...
#...#.......#..
#...#...8$..#)###
#...#(......#.g.#
#...##.....##.†.#
#..))##...##....#
#8))))##)##gg..8#
#..†.†#.))#hg...#
##....'..O@....##
##...#...#...##
#####...#####
.......
...........
≈≈≈≈≈≈≈≈≈≈≈≈≈
♣♣♣♣♣♣♣♣♣♣♣♣♣


You could see 2 gnoll sergeants, a wolf (ally target), a gnoll bouda, a gnoll
and a friendly ogre (summoned, berserk).

Vanquished Creatures
  A two-headed ogre (D:8)
  Joseph (D:7)
  A troll (D:9)
  Grinder (D:6)
  A hornet (D:8)
  Prince Ribbit (D:7)
  A wyvern (D:8)
  A human (D:9)
  2 wargs (D:9)
  2 steam dragons (D:9)
  4 water moccasins
  2 orc warriors (D:8)
  2 ogres
  2 wolves (Bailey)
  A centaur (D:10)
  3 phantoms (D:5)
  2 kobold brigands
  4 bullfrogs
  2 gnoll sergeants (Bailey)
  A scorpion (D:5)
  9 wights
  9 killer bees
  5 howler monkeys
  3 jellies
  13 orc priests
  4 gnoll boudas
  6 hounds
  Ijyb (D:5)
  2 sleepcaps
  7 iguanas
  10 orc wizards
  21 gnolls
  6 adders
  A shadow imp (D:7)
  3 white imps
  An ufetubus (D:7)
  A worm (D:5)
  51 orcs
  3 bats
  6 endoplasms
  A giant cockroach (D:1)
  5 hobgoblins
  2 jackals (D:3)
  3 quokkas
  7 ball pythons
  3 frilled lizards
  9 goblins
  20 kobolds
247 creatures vanquished.

Vanquished Creatures (collateral kills)
  2 wolves (Bailey)
  5 gnoll sergeants (Bailey)
  3 gnoll boudas (Bailey)
  5 gnolls (Bailey)
15 creatures vanquished.

Grand Total: 262 creatures vanquished

Notes
Turn   | Place    | Note
-------+----------+-------------------------------------------
     0 | D:1      | Joey1 the Minotaur Berserker began the quest for the Orb.
     0 | D:1      | Reached XP level 1. HP: 19/19 MP: 0/0
   120 | D:1      | Found a faded altar of an unknown god.
   176 | D:1      | Reached skill level 4 in Axes
   209 | D:1      | Reached XP level 2. HP: 27/27 MP: 1/1
  1527 | D:3      | Reached XP level 3. HP: 33/33 MP: 2/2
  1599 | D:3      | Found a radiant altar of Vehumet.
  1681 | D:3      | Reached XP level 4. HP: 41/41 MP: 3/3
  1689 | D:3      | Reached skill level 5 in Fighting
  1713 | D:3      | Reached ** piety under Trog
  2334 | D:4      | Reached skill level 5 in Armour
  2378 | D:4      | Noticed an ogre
  2390 | D:4      | Killed an ogre
  2391 | D:4      | Reached skill level 5 in Axes
  2391 | D:4      | Reached XP level 5. HP: 17/48 MP: 4/4
  2656 | D:5      | Entered Level 5 of the Dungeon
  2656 | D:5      | Noticed an ogre
  2663 | D:5      | Killed an ogre
  2664 | D:5      | Reached skill level 6 in Axes
  2664 | D:5      | Reached XP level 6. HP: 56/56 MP: 5/5
  2721 | D:5      | Noticed a water moccasin
  2733 | D:5      | Killed a water moccasin
  2734 | D:5      | Reached skill level 7 in Axes
  2786 | D:5      | Found a staircase to the Ecumenical Temple.
  2788 | D:5      | Noticed a water moccasin
  2809 | D:5      | Killed a water moccasin
  2810 | D:5      | Reached skill level 8 in Axes
  2810 | D:5      | Reached XP level 7. HP: 26/61 MP: 6/6
  2932 | D:5      | Found a snail-covered altar of Cheibriados.
  2976 | D:5      | Noticed Ijyb
  2988 | D:5      | Killed Ijyb
  2989 | D:5      | Reached skill level 9 in Axes
  3112 | D:5      | Reached skill level 10 in Axes
  3189 | D:5      | Reached XP level 8. HP: 68/68 MP: 7/7
  3304 | Temple   | Entered the Ecumenical Temple
  3386 | D:6      | Reached skill level 11 in Axes
  3387 | D:6      | Reached *** piety under Trog
  3603 | D:6      | Noticed Grinder
  3614 | D:6      | Reached skill level 12 in Axes
  3618 | D:6      | Killed Grinder
  3643 | D:6      | Reached skill level 13 in Axes
  3860 | D:6      | Found Veduoz's Assorted Antiques.
  3865 | D:6      | Bought a cyan potion for 25 gold pieces
  3865 | D:6      | Bought a coppery potion for 25 gold pieces
  3865 | D:6      | Bought a scroll labelled KIXTIA IGAM for 28 gold pieces
  3865 | D:6      | Bought a clear potion for 25 gold pieces
  3865 | D:6      | Bought a scroll labelled FIUROXK QUORI for 28 gold pieces
  3865 | D:6      | Bought a scroll labelled JOIPLI FIRGHAU for 28 gold pieces
  3958 | D:6      | Reached XP level 9. HP: 74/74 MP: 8/8
  4074 | D:7      | Found an ancient bone altar of Kikubaaqudgha.
  4358 | D:7      | Noticed Prince Ribbit
  4370 | D:7      | Killed Prince Ribbit
  4371 | D:7      | Reached skill level 14 in Axes
  4519 | D:7      | Identified the +8 hand axe "Westript" {protect, rPois Will+
                  | Int-4 Stlth+}
  4538 | D:7      | Noticed Joseph
  4559 | D:7      | Killed Joseph
  5140 | D:8      | Reached skill level 15 in Axes
  5260 | D:8      | Reached **** piety under Trog
  5302 | D:8      | Paralysed by a hornet for 3 turns
  5615 | D:8      | Reached skill level 16 in Axes
  5675 | D:8      | Reached XP level 10. HP: 83/83 MP: 9/9
  6058 | D:9      | Noticed a two-headed ogre
  6072 | D:8      | Killed a two-headed ogre
  6319 | D:9      | Reached ***** piety under Trog
  6461 | D:9      | Reached skill level 10 in Fighting
  6513 | D:9      | Found a staircase to the Orcish Mines.
  6530 | D:9      | Reached skill level 1 in Evocations
  6638 | D:9      | Identified the +2 flail of Massacring {heavy, rElec rF+
                  | Will+ Int+2}
  6650 | D:9      | Found an opulent altar of Gozag.
  6790 | D:10     | Entered Level 10 of the Dungeon
  6958 | D:10     | Found a flagged portal.
  6998 | Bailey   | Entered a bailey
  7255 | Bailey   | Slain by a gnoll sergeant

Illustrated notes

Levels and vault maps discovered:
D:1:      saegor_arrival_simple_a, layout_basic, shapermc_ecumenical_altar_venn
D:2:      layout_rooms
D:3:      layout_loops_corners, mainiacjoe_overflow_paths,
          corexii_item_surrounded_by_moat, grunt_decor_cap
D:4:      layout_cave_pools
D:5:      layout_rooms, kennysheep_mini_moat, minmay_temple_entry_antechambers,
          st_stairs_13, eino_small_chamber_without_monster, uniq_ijyb
D:6:      layout_basic, serial_shops, kennysheep_little_box, nicolae_titane,
          uniq_grinder
D:7:      nicolae_whirlpool, layout_loops_corners, amcnicky_altar_gilded,
          uniq_prince_ribbit1, uniq_joseph
D:8:      layout_cave_pods, hangedman_decor_growths
D:9:      layout_rooms, mainiacjoe_overflow_surrounded_room, erik_orc_4,
          serial_glass, glass_columns_c, glass_columns_c
D:10:     layout_long_grid, lightli_temple_of_fire, enter_bailey_7
Temple:   nicolae_temple_bog_church
Bailey:   bailey_polearm_gnolls_kennysheep, bailey

Skill      XL: |  1  2  3  4  5  6  7  8  9 10 |
---------------+-------------------------------+-----
Axes           | 4 5 6 8 10 13 16 | 16.0
Fighting       | 4 5 10 | 10.0
Armour         | 3 4 5 6 |  6.5
Evocations     | 2 |  2.9
Dodging        | 4 |  4.3

Action                     |  1- 3 |  4- 6 |  7- 9 | 10-12 || total
---------------------------+-------+-------+-------+-------++-------
  Melee: Hand axe          |    88 |    90 |    17 |       ||   195
         Headbutt          |    11 |    18 |    48 |    29 ||   106
         Punch             |     1 |     1 |     2 |     2 ||     6
         War axe           |       |       |   223 |   180 ||   403
 Invoke: Berserk           |       |     2 |     2 |     2 ||     6
         Trog's Hand       |       |       |     2 |     1 ||     3
         Brothers in Arms  |       |       |       |     4 ||     4
    Use: Scroll            |       |       |    11 |     2 ||    13
 Armour: Chain mail        |    69 |    55 |   102 |       ||   226
         Animal skin       |     2 |       |       |       ||     2
         Plate armour      |       |       |   102 |   244 ||   346
  Dodge: Dodged            |    24 |    31 |    70 |   102 ||   227

Table legend: (Time is in decaauts)
 A = Elapsed time spent in this place.
 B = Non-inter-level travel time spent in this place.
 C = Inter-level travel time spent in this place.
 D = Time resting spent in this place.
 E = Time spent auto-exploring this place.
 F = Levels seen in this place.
 G = Mean time per level.
                   A        B        C        D        E       F      G
               +--------+--------+--------+--------+--------+-----+--------+
         Total |   7237 |   6761 |    476 |    497 |   4556 |  12 |  603.1 |
       Dungeon |   6981 |   6505 |    476 |    425 |   4537 |  10 |  698.1 |
        Temple |      1 |      1 |      0 |      0 |      0 |   1 |    1.0 |
        Bailey |    254 |    254 |      0 |     72 |     19 |   1 |  254.0 |
               +--------+--------+--------+--------+--------+-----+--------+

Top non-repeatable levels by time:
     D:8: 1152 daAuts
     D:7: 1097 daAuts
     D:1: 980 daAuts
     D:3: 885 daAuts
     D:6: 691 daAuts
     D:5: 690 daAuts
     D:9: 471 daAuts
     D:4: 411 daAuts
     D:2: 401 daAuts
  Bailey: 254 daAuts
    D:10: 199 daAuts
  Temple: 1 daAuts
